 Seeded DCSS version 0.30.1 (webtiles) character file.

Game seed: 1882581695637917331 (custom seed)

432 McKennaii the Conjurer (level 6, 45/45 HPs)
             Began as a Demigod Conjurer on July 13, 2023.
             Quit the game on level 5 of the Dungeon.
             The game lasted 00:03:50 (4161 turns).

McKennaii the Conjurer (Demigod Conjurer)           Turns: 4161, Time: 00:03:51

Health: 45/45      AC:  6    Str:  8    XL:     6   Next: 39%
Magic:  15/15      EV: 12    Int: 28    God:
Gold:   187        SH:  0    Dex: 12    Spells: 6/13 levels left

rFire   . . .        m - +2 short sword (holy)
rCold   . . .        (no shield)
rNeg    . . .        a - +0 robe
rPois   .            (no helmet)
rElec   .            (no cloak)
rCorr   .            q - +2 pair of gloves
SInv    .            j - +0 pair of boots
Will    .....        s - amulet of magic regeneration
Stlth   ++           (no ring)
HPRegen 0.27/turn    (no ring)
MPRegen 0.54/turn

%: no passive effects
@: no status effects
A: high MP 1, forlorn, divine attributes
a: no special abilities


You were on level 5 of the Dungeon.
You visited 1 branch of the dungeon, and saw 5 of its levels.

You collected 187 gold pieces.

Inventory:

Hand Weapons
 m - a +2 short sword of holy wrath (weapon)
Armour
 a - a +0 robe (worn)
 j - a +0 pair of boots (worn)
 q - a +2 pair of gloves (worn)
 r - a +2 scale mail of willpower
Jewellery
 s - an amulet of magic regeneration (around neck)
 y - a ring of ice
Wands
 v - a wand of iceblast (7)
Scrolls
 e - 4 scrolls of amnesia
 f - 2 scrolls of poison
 g - a scroll of silence
 i - 2 scrolls of magic mapping
 l - 3 scrolls of enchant weapon
 p - 2 scrolls of blinking
 z - a scroll of brand weapon {unknown}
Potions
 b - a potion of magic
 c - 2 potions of ambrosia {unknown}
 h - 3 potions of curing {unknown}
 k - a potion of cancellation {unknown}
 n - 3 potions of degeneration {unknown}
 o - a potion of invisibility {unknown}
 t - a potion of might {unknown}
 w - a potion of experience {unknown}
 x - a potion of haste {unknown}
 A - a potion of flight {unknown}


   Skills:
 - Level 1.7 Dodging
 - Level 1.7 Stealth
 + Level 4.4 Spellcasting
 + Level 5.8 Conjurations


You had 6 spell levels left.
You knew the following spells:

 Your Spells              Type           Power      Damage    Failure   Level
a - Magic Dart            Conj           100%       1d8       1%          1
b - Searing Ray           Conj           76%        2d7       1%          2
c - Iskenderun's Mystic   Conj/Tloc      22%        2d6       22%         4

Your spell library contained the following spells:

 Spells                   Type           Power      Damage    Failure   Level
 Dazzling Flash           Conj/Hex       44%        N/A       6%          3
 Tukima's Dance           Hex            6%         N/A       22%         3
 Fulminant Prism          Conj/Hex       11%        3d9       22%         4
 Irradiate                Conj/Tmut      11%        3d15      52%         5
 Passage of Golubria      Tloc           6%         N/A       56%         4
 Blade Hands              Tmut           3%         N/A       89%         5
 Yara's Violent Unravell  Hex/Tmut       3%         3d4       89%         5
 Dragon Form              Tmut           3%         N/A       100%        7


Dungeon Overview and Level Annotations

Branches:
Dungeon (5/15)
 Temple: D:4-7


Innate Abilities, Weirdness & Mutations

You have an increased reservoir of magic. (+10% MP)
You shall have no god before yourself.
Your divine heritage dramatically boosts your attributes as you level up.


Message History

Okay, then.
You now have 187 gold pieces (gained 7).
e - 4 scrolls labelled FIUNALEOHE (gained 1)
An adder comes into view.
An adder is nearby!
An adder is nearby!
The magic dart hits the adder.
The adder is heavily wounded.
The adder hisses angrily.
The magic dart hits the adder.
You kill the adder!
You can't see any susceptible monsters within range! (Use Z to cast anyway.) Magic restored.
Found a stone staircase leading down.
As you read the scroll labelled FIFUOPHEASH, it crumbles to dust.
It is a scroll of identify.
e - 4 scrolls of amnesia
As you read the scroll of identify, it crumbles to dust.
f - 2 scrolls of poison
As you read the scroll of identify, it crumbles to dust.
g - a scroll of silence
As you read the scroll of identify, it crumbles to dust.
i - 2 scrolls of magic mapping
As you read the scroll of identify, it crumbles to dust.
l - 3 scrolls of enchant weapon
As you read the scroll of identify, it crumbles to dust.
p - 2 scrolls of blinking
As you read the scroll of identify, it crumbles to dust.
u - a scroll of acquirement
Okay, then.
You see here a book of Transfigurations.
Something appears at your feet!
You pick up a book of Transfigurations and begin reading...
You add the spells Irradiate, Blade Hands and Dragon Form to your library.
Okay, then.
Your magic is already full.
Unknown command.
Unknown command.
Unknown command.
Are you sure you want to abandon this character and quit the game? (Confirm with "yes".)

#........<.###..#
##................
#...........##...#
#.#.#......## ...
#.#.#.#...## .#
#.#.#.##### .
#.#.#.# #.#.#.#
#@#.#.# #.#.#.#
#.... ###. .. >.
... ..#


There were no monsters in sight!

Vanquished Creatures
  An ogre (D:4)
  An orc priest (D:4)
  Ijyb (D:3)
  An iguana (D:4)
  Terence (D:3)
  An orc wizard (D:4)
  7 adders
  A worm (D:4)
  3 dart slugs
  9 orcs
  4 bats
  6 endoplasms
  A giant cockroach (D:4)
  6 goblins
  11 hobgoblins
  2 jackals (D:3)
  7 kobolds
  2 quokkas
  2 ball pythons
  2 frilled lizards (D:2)
  6 rats
75 creatures vanquished.

Vanquished Creatures (others)
  A phantom (D:4)
1 creature vanquished.

Grand Total: 76 creatures vanquished

Notes
Turn   | Place    | Note
-------+----------+-------------------------------------------
     0 | D:1      | McKennaii the Demigod Conjurer began the quest for the Orb.
     0 | D:1      | Reached XP level 1. HP: 14/14 MP: 5/5
   519 | D:1      | Reached XP level 2. HP: 20/20 MP: 3/7
   522 | D:1      | Learned a level 2 spell: Searing Ray
  1035 | D:2      | Reached skill level 4 in Conjurations
  1261 | D:2      | Reached XP level 3. HP: 26/26 MP: 7/9
  2272 | D:3      | Noticed Terence
  2291 | D:3      | Killed Terence
  2292 | D:3      | Reached XP level 4. HP: 27/33 MP: 1/11
  2394 | D:3      | Learned a level 4 spell: Iskenderun's Mystic Blast
  2675 | D:3      | Noticed Ijyb
  2699 | D:3      | Killed Ijyb
  3220 | D:4      | Reached XP level 5. HP: 38/38 MP: 8/13
  3236 | D:4      | Reached skill level 5 in Conjurations
  3608 | D:4      | Reached XP level 6. HP: 45/45 MP: 8/15
  4127 | D:5      | Entered Level 5 of the Dungeon
  4158 | D:5      | Identified a scroll of acquirement
  4159 | D:5      | Acquired a book of Transfigurations
  4161 | D:5      | Quit the game

Illustrated notes

Levels and vault maps discovered:
D:1:      dpeg_arrival_erosion, layout_basic
D:2:      layout_basic, minmay_tripent
D:3:      layout_loops_ring, nicolae_wu_jian_wuxing_cycle, serial_bayou_pond_d,
          uniq_ijyb, uniq_terence
D:4:      layout_basic, lemuel_round_altar, kennysheep_slug_shrine,
          minmay_misc_feat_hallway, nicolae_kite_square_tiling_tiny
D:5:      layout_loops_corners, uniq_menkaure, uniq_edmund

Skill      XL: |  1  2  3  4  5 |
---------------+----------------+-----
Spellcasting   | 2 3 4 |  4.4
Conjurations   | 4 5 |  5.8
Dodging        | |  1.7
Stealth        | |  1.7

Action                     |  1- 3 |  4- 6 || total
---------------------------+-------+-------++-------
  Melee: Short sword       |     8 |    15 ||    23
   Cast: Magic Dart        |    71 |    81 ||   152
         Searing Ray       |     1 |    14 ||    15
    Use: Scroll            |       |     8 ||     8
 Armour: Robe              |     2 |    22 ||    24
  Dodge: Dodged            |     7 |    26 ||    33
